 Dungeon Crawl Stone Soup version 0.18-a0-1593-g7a89b71 (webtiles) character file.

2827 Oddball22 the Covert (level 9, -2/49 HPs)
             Began as a Spriggan Artificer on Mar 20, 2016.
             Was an Initiate of Pakellas.
             Shot with a sling bullet of flame by Joseph (16 damage)
             ... on level 8 of the Dungeon.
             The game lasted 00:25:44 (8438 turns).

Oddball22 the Covert (Spriggan Artificer)           Turns: 8438, Time: 00:25:44

Health: -2/49      AC:  3    Str:  7    XL:     9   Next: 45%
Magic:  23/31      EV: 26    Int: 13    God:    Pakellas [......]
Gold:   327        SH:  0    Dex: 20    Spells: 0 memorised, 8 levels left

rFire  . . .     SeeInvis +     b - +0 hunting sling
rCold  . . .     Gourm    .     Q - +1 robe {MR+}
rNeg   . . .     Faith    .     (shield restricted)
rPois  .         Spirit   .     (helmet restricted)
rElec  .         Dismiss  .     (no cloak)
rCorr  .         Reflect  .     (gloves unavailable)
SustAt .         Harm     .     (boots unavailable)
MR     ++...                    (no amulet)
Stlth  +++++.....               F - ring of magical power
                                y - ring of magical power

@: very quick, very resistant to hostile enchantments, quite stealthy
A: unfitting armour, see invisible, herbivore 3, speed 3, slow metabolism 2
a: Renounce Religion


You were on level 8 of the Dungeon.
You worshipped Pakellas.
Pakellas was noncommittal.
You were hungry.

You visited 2 branches of the dungeon, and saw 9 of its levels.

You collected 327 gold pieces.

Inventory:

Hand Weapons
 a - a +1 dagger of electrocution
 b - a +0 hunting sling (weapon)
 P - a +0 dagger of flaming
 R - the +4 flail of Rygguih {elec, rElec Int+4}
   (You found it on level 7 of the Dungeon)

   Occasionally, upon striking a foe, it will discharge some electrical energy
   and cause terrible harm.
   It affects your intelligence (+4).
   It insulates you from electricity.
Missiles
 g - 119 stones (quivered)
 r - 24 sling bullets
 I - 38 arrows
 S - 12 arrows of dispersal
Armour
 w - a cursed +0 buckler
 Q - a +1 robe of magic resistance (worn)
Jewellery
 v - an uncursed ring of wizardry
 y - a ring of magical power (left hand)
 D - an uncursed amulet of dismissal
 F - a ring of magical power (right hand)
Wands
 c - a wand of flame (7/48)
 d - a wand of enslavement (15/24)
 e - a wand of random effects (12/48)
 C - a wand of paralysis (6/24)
 L - a wand of disintegration (14/24)
 M - a wand of flame (25/48)
 N - a wand of hasting (1/9)
Scrolls
 h - a scroll of enchant weapon {unknown}
 i - 4 scrolls of identify
 j - a scroll of enchant armour {unknown}
 l - 4 scrolls of recharging {unknown}
 n - 5 scrolls of remove curse
 s - 2 scrolls of random uselessness {unknown}
 t - 2 scrolls of teleportation {unknown}
 B - a scroll of fog {unknown}
 H - 2 scrolls of blinking {unknown}
Potions
 m - 3 potions of curing
 o - 2 potions of heal wounds {unknown}
 p - a potion of mutation {unknown}
 u - 2 potions of agility {unknown}
 x - 2 potions of haste {unknown}
 z - 3 potions of lignification {unknown}
 A - a potion of might {unknown}
 E - a potion of invisibility {unknown}
 G - a potion of degeneration {unknown}
 J - a potion of brilliance {unknown}
 K - 3 potions of flight {unknown}
 O - a potion of cure mutation {unknown}
Comestibles
 f - 6 bread rations
 k - 6 fruits
 q - a royal jelly


   Skills:
 - Level 6.8 Fighting
 - Level 1.1 Short Blades
 + Level 6.5 Slings
 + Level 8.7 Dodging
 + Level 9.6 Stealth
 * Level 4.4 Evocations


You had 8 spell levels left.
You didn't know any spells.

Dungeon Overview and Level Annotations

Branches:
Dungeon (8/15)             Temple (1/1) D:7
   Lair: D:8-11

Altars:
Ashenzari
Cheibriados
Dithmenos
Elyvilon
Gozag
Makhleb
Pakellas
Qazlal
Ru
Sif Muna
Trog
Vehumet
Xom
Yredelemnul
The Shining One

Shops:
D:4 ::?}

Annotations:
D:8 Joseph


Innate Abilities, Weirdness & Mutations

You are tiny and cannot use many weapons and most armour.
You have supernaturally acute eyesight.
You are a herbivore.
You cover ground extremely quickly.
You need consume almost no food.


Message History

Aim: Joseph, wielding a hunting sling and wearing a leather armour (heavily wounded)
You shoot a stone. The stone hits Joseph.
Joseph is heavily wounded.
Joseph shoots a sling bullet of flame.
The sling bullet of flame completely misses you.
Firing (i - inventory. (,) - cycle):
g - 121 stones (quivered)
Press: ? - help, Shift-Dir - straight line, f/p - Joseph
Aim: Joseph, wielding a hunting sling and wearing a leather armour (heavily wounded)
You shoot a stone.
The stone hits Joseph but does no damage.
Joseph is heavily wounded.
Joseph shoots a sling bullet of flame.
The sling bullet of flame misses you.
Firing (i - inventory. (,) - cycle):
g - 120 stones (quivered)
Press: ? - help, Shift-Dir - straight line, f/p - Joseph
Aim: Joseph, wielding a hunting sling and wearing a leather armour (heavily wounded)
You shoot a stone. The stone hits Joseph.
Joseph is severely wounded.
Joseph shoots a sling bullet of flame.
The sling bullet of flame hits you!
You die...
Pakellas says: Time to start the next experiment...

#.............##
########+##....#
###########.##.####
#....#.....(....#
#....#...(......#
#....#..((......#
####.##..##(...##
#####.##..##@...##
#.........@......#
#..<..(.(........#
#####(##..##....##
##.###.###(##..########
........((......)[....#
(...(.................#
(..##..######..##....##
#.. #..# ##### ....
#....#


You could see Joseph.

Vanquished Creatures
  The ghost of iroha the Shield-Bearer, a novice GrFi (D:5)
  Menkaure (D:7)
  Duvessa (D:7)
  2 orc warriors
  3 ogres
  A sky beast (D:6)
  A black bear (D:6)
  2 phantoms (D:4)
  2 centaurs
  2 giant frogs
  A big kobold (D:7)
  Dowan (D:7)
  3 scorpions
  A howler monkey (D:7)
  3 crimson imps
  A centaur zombie (D:6)
  A giant frog zombie (D:5)
  A quasit (D:5)
  A hound (D:8)
  A gnoll shaman (D:6)
  2 orc priests
  A giant frog skeleton (D:5)
  2 iguanas
  5 worker ants
  A worker ant zombie (D:5)
  10 adders
  9 gnolls
  2 shadow imps
  2 oozes (D:3)
  An adder zombie (D:8)
  3 dart slugs
  7 giant geckos
  15 orcs
  8 bats
  3 giant cockroaches
  5 goblins
  6 hobgoblins
  9 jackals
  11 kobolds
  6 quokkas
  5 ball pythons
  A ball python skeleton (D:4)
  A giant gecko zombie (D:7)
  4 giant newts
  7 rats
156 creatures vanquished.

Notes
Turn   | Place    | Note
--------------------------------------------------------------
     0 | D:1      | Oddball22 the Spriggan Artificer began the quest for the Orb.
     0 | D:1      | Reached XP level 1. HP: 9/9 MP: 4/4
    80 | D:1      | Reached skill level 1 in Fighting
   156 | D:1      | Reached skill level 2 in Stealth
   223 | D:1      | Reached XP level 2. HP: 14/14 MP: 6/6
   689 | D:2      | Found a burning altar of Makhleb.
   847 | D:2      | Reached skill level 3 in Stealth
   963 | D:2      | Reached XP level 3. HP: 18/18 MP: 7/7
  1147 | D:2      | Found a glowing golden altar of the Shining One.
  1531 | D:3      | Reached XP level 4. HP: 14/23 MP: 8/8
  1710 | D:3      | Found a shattered altar of Ashenzari.
  1782 | D:3      | Reached skill level 4 in Stealth
  2712 | D:2      | Reached XP level 5. HP: 27/27 MP: 9/9
  2719 | D:2      | Reached skill level 1 in Slings
  2860 | D:2      | Found a deep blue altar of Sif Muna.
  2901 | D:2      | Noticed a balrug
  2904 | D:2      | Noticed a smoke demon
  2904 | D:2      | Noticed a ynoxinul
  2975 | D:4      | Noticed a phantom
  3042 | D:4      | Found Puda's Book Boutique.
  3090 | D:4      | Found Emizeriu's Book Emporium.
  3297 | D:4      | Found Barch's Gadget Emporium.
  3301 | D:4      | Noticed a phantom
  3311 | D:4      | Killed a phantom
  3345 | D:4      | Killed a phantom
  3345 | D:4      | Reached skill level 5 in Dodging
  3345 | D:4      | Reached skill level 5 in Stealth
  3345 | D:4      | Reached XP level 6. HP: 21/32 MP: 10/10
  3542 | D:4      | Found a sacrificial altar of Ru.
  3690 | D:4      | Found Borghac's Magic Scroll Shoppe.
  4060 | D:5      | Entered Level 5 of the Dungeon
  4267 | D:5      | Noticed iroha's ghost (novice GrFi)
  4353 | D:5      | Killed iroha's ghost
  4353 | D:5      | Reached skill level 6 in Stealth
  4353 | D:5      | Reached XP level 7. HP: 13/38 MP: 11/11
  4740 | D:5      | Reached skill level 7 in Stealth
  4832 | D:5      | Found a sand-covered staircase.
  4990 | D:5      | Reached XP level 8. HP: 21/42 MP: 12/12
  5203 | D:6      | Reached skill level 5 in Fighting
  5263 | D:6      | HP: 2/43 [sky beast (6)]
  5635 | D:6      | Found a snail-covered altar of Cheibriados.
  5898 | D:6      | Reached skill level 8 in Stealth
  6133 | D:6      | Reached skill level 5 in Slings
  6217 | D:6      | Found a stormy altar of Qazlal.
  6714 | D:6      | Reached skill level 9 in Stealth
  6778 | D:6      | Reached XP level 9. HP: 32/48 MP: 13/13
  6967 | D:7      | Found a shadowy altar of Dithmenos.
  7037 | D:7      | Noticed Duvessa
  7055 | D:7      | Killed Duvessa
  7059 | D:7      | Noticed Dowan
  7072 | D:7      | Killed Dowan
  7318 | D:7      | Noticed Menkaure
  7337 | D:7      | Killed Menkaure
  7638 | D:7      | Found a stormy altar of Qazlal.
  8057 | D:7      | Found a staircase to the Ecumenical Temple.
  8087 | Temple   | Entered the Ecumenical Temple
  8095 | Temple   | Became a worshipper of Pakellas the Inventive
  8193 | D:7      | Got an ivory flail
  8195 | D:7      | Identified the +4 flail of Rygguih {elec, rElec Int+4} (You found it on level 7 of the Dungeon)
  8389 | D:8      | Noticed Joseph
  8438 | D:8      | Shot with a sling bullet of flame by Joseph

Vault maps used:
D:1:      lightli_arrival_flooded_house
D:2:      makhleb_altar_promises_db, led_sif_pool, first_bread, tso_metal_star
D:3:      marbit_many_paths, serial_glass, glass_columns_c, glass_columns_a,
          glass_columns_a, glass_columns_a, glass_columns_a, glass_columns_a
D:4:      serial_shops, nicolae_shop_stone, shop, shop_statue, shop,
          nicolae_ru_path_of_blood
D:5:      lightli_ossuary_entry_decrepit_ruins, minmay_misc_feat_five,
          kennysheep_crisscross, moated_statue
D:6:      cheibriados_altar_1, grunt_qazlal_clouds
D:7:      lemuel_doored_altar, lemuel_round_altar,
          minmay_temple_entry_enclosed_plants, uniq_duvessa, uniq_menkaure
D:8:      serial_shops, shop_statue, uniq_joseph
Temple:   circular_temple_12

Skill      XL: |  1  2  3  4  5  6  7  8  9 |
---------------+----------------------------+-----
Fighting       | 1 2 3 4 6 |  6.8
Stealth        | 2 3 4 5 6 7 9 |  9.6
Dodging        | 4 5 6 7 8 |  8.7
Slings         | 2 3 4 5 6 |  6.5
Short Blades   | |  1.1
Evocations     | |  4.4

Action                   |  1- 3 |  4- 6 |  7- 9 || total
-------------------------+-------+-------+-------++-------
Melee: Short sword       |    13 |       |       ||    13
       Dagger            |    75 |   109 |   272 ||   456
 Fire: Hunting sling     |       |    79 |   168 ||   247
Evoke: Wand              |       |     3 |    11 ||    14
  Use: Scroll            |       |       |     2 ||     2
       Potion            |       |       |     1 ||     1
 Stab: Sleeping          |    16 |     9 |     5 ||    30
       Paralysed         |       |     3 |       ||     3
       Distracted        |       |       |     2 ||     2
  Eat: Royal jelly       |       |       |     1 ||     1
       Fruit             |       |       |     2 ||     2
